 Dungeon Crawl Stone Soup version 0.24-a0-282-g1a68c91 (webtiles) character file.

Game seed: 512355177523976876

5 Gorice the Caller (level 1, -1/13 HPs)
             Began as a Gnoll Wanderer on May 3, 2019.
             Slain by a dart slug (2 damage)
             ... on level 1 of the Dungeon.
             The game lasted 00:01:04 (252 turns).

Gorice the Caller (Gnoll Wanderer)                   Turns: 252, Time: 00:01:05

Health: -1/13      AC:  3    Str: 12    XL:     1   Next: 80%
Magic:  6/6        EV: 11    Int: 16    God:
Gold:   0          SH:  0    Dex: 14    Spells: 9/9 levels left

rFire    . . .     SeeInvis .   a - +0 dagger
rCold    . . .     Gourm    .   (no shield)
rNeg     . . .     Faith    .   d - +0 robe
rPois    .         Spirit   .   (no helmet)
rElec    .         Reflect  .   (no cloak)
rCorr    .         Harm     .   e - +0 pair of gloves
MR       .....                  (no boots)
Stlth    +.........             (no amulet)
HPRegen  0.04/turn              (no ring)
MPRegen  0.10/turn              (no ring)

@: no status effects
A: distributed training, fangs 1, strong nose
a: no special abilities


You were on level 1 of the Dungeon.
You were not hungry.

You visited 1 branch of the dungeon, and saw 1 of its levels.

Inventory:

Hand Weapons
 a - a +0 dagger (weapon)
Armour
 d - a +0 robe (worn)
 e - a +0 pair of gloves (worn)
Scrolls
 c - a scroll of remove curse {unknown}
Potions
 b - a potion of flight {unknown}
Comestibles
 f - 2 rations
 g - a chunk of flesh


   Skills:
 + Level 0.1 Fighting
 + Level 0.1 Short Blades
 + Level 0.1 Long Blades
 + Level 0.1 Axes
 + Level 0.1 Maces & Flails
 + Level 0.1 Polearms
 + Level 0.1 Staves
 + Level 0.1 Slings
 + Level 0.1 Bows
 + Level 0.1 Crossbows
 + Level 0.1 Throwing
 + Level 0.1 Armour
 + Level 0.1 Dodging
 + Level 0.1 Stealth
 + Level 0.1 Shields
 + Level 0.1 Unarmed Combat
 + Level 4.9 Spellcasting
 + Level 0.1 Conjurations
 + Level 0.1 Hexes
 + Level 0.1 Charms
 + Level 5.3 Summonings
 + Level 3.6 Necromancy
 + Level 0.1 Translocations
 + Level 0.1 Transmutations
 + Level 0.1 Fire Magic
 + Level 0.1 Ice Magic
 + Level 0.1 Air Magic
 + Level 2.0 Earth Magic
 + Level 0.1 Poison Magic
 + Level 0.2 Invocations
 + Level 4.4 Evocations


You had 9 spell levels left.
You didn't know any spells.
Your spell library contained the following spells:

 Spells                   Type           Power        Failure   Level  Hunger
 Summon Small Mammal      Summ           ###.         1%          1    None
 Animate Skeleton         Necr           N/A          3%          1    None
 Pain                     Necr           ###.         3%          1    None
 Vampiric Draining        Necr           ###.......   11%         3    ###....
 Magic Dart               Conj           #...         14%         1    None
 Summon Guardian Golem    Hex/Summ       ##......     16%         3    ###....
 Regeneration             Chrm/Necr      #.........   22%         3    ###....
 Animate Dead             Necr           N/A          34%         4    ####...
 Mephitic Cloud           Conj/Pois/Air  #.......     41%         3    ###....


Dungeon Overview and Level Annotations

Branches:
Dungeon (1/15)

Altars:


Innate Abilities, Weirdness & Mutations

Your experience applies equally to all skills.
You have very sharp teeth.
Your uncanny sense of smell can sniff out nearby items.


Message History

The bat barely misses you.
You barely miss the bat. The bat misses you.
The dart slug launches a dart at you. The slug dart hits you.
* * * LOW HITPOINT WARNING * * *
You are too injured to fight recklessly!
You are too injured to fight recklessly!
You are too injured to fight recklessly!
You are too injured to fight recklessly!
You are too injured to fight recklessly!
You are too injured to fight recklessly!
You are too injured to fight recklessly!
You are too injured to fight recklessly!
You are too injured to fight recklessly!
You are too injured to fight recklessly!
You are too injured to fight recklessly!
You are too injured to fight recklessly!
The bat barely misses you.
Damage: 4 (max 4)
You hit the dart slug but do no damage. The bat hits you.
* * * LOW HITPOINT WARNING * * *
The dart slug bites you but does no damage.
You hit the dart slug.
The dart slug is lightly wounded.
The bat closely misses you. The bat hits you but does no damage.
The dart slug barely misses you.
You hit the dart slug. You bite the dart slug.
The dart slug is heavily wounded.
The bat misses you.
You hit the dart slug but do no damage.
The dart slug is heavily wounded.
The dart slug barely misses you. The bat hits you but does no damage.
Damage: 1 (max 4)
You hit the dart slug.
The dart slug is heavily wounded.
The bat hits you but does no damage. The dart slug launches a dart at you.
The slug dart hits you.
* * * LOW HITPOINT WARNING * * *
You completely miss the dart slug.
The dart slug is heavily wounded.
The dart slug closely misses you. The bat closely misses you.
You hit the dart slug but do no damage.
The dart slug is heavily wounded.
The bat barely misses you. The bat hits you but does no damage.
The bat barely misses you.
You hit the dart slug.
The dart slug is almost dead.
The bat barely misses you. The dart slug bites you.
You die...

..#.#... .>............
........ ##......(.....#
..#.#... ..............#
..# #...
##............#...# #.#.
...........[..#...#.#.#.
#................#.#.#.
#....b.......#####.#.#.
#....w@..........#.#.#.
#...........####'#.#.#.
#...........# #......#.
####...###### #........
#)..# #......## #...#
##.#.### #...# #.#.#
#...# #.#.# #.#.#


You could see a dart slug and a bat.

Vanquished Creatures
  A giant cockroach (D:1)
  2 goblins (D:1)
  2 rats (D:1)
5 creatures vanquished.

Notes
Turn   | Place    | Note
-------+----------+-------------------------------------------
     0 | D:1      | Gorice the Gnoll Wanderer began the quest for the Orb.
     0 | D:1      | Gorice set off with the following items: a +0 dagger, a +0
                  | robe, a ration; and the following spells available to
                  | memorise: Summon Small Mammal, Animate Skeleton, Pain,
                  | Vampiric Draining, Magic Dart, Summon Guardian Golem,
                  | Regeneration, Animate Dead, Mephitic Cloud
     0 | D:1      | Reached XP level 1. HP: 13/13 MP: 6/6
   185 | D:1      | Reached skill level 2 in Earth Magic
   243 | D:1      | HP: 2/13 [dart slug/slug dart (3)]
   249 | D:1      | HP: 1/13 [dart slug/slug dart (1)]
   252 | D:1      | Slain by a dart slug

Levels and vault maps discovered:
D:1:      psy_arrival_fountain, layout_basic

Skill      XL: |  1 |
---------------+----+-----
Earth Magic    | 2 |  2.0
Fighting       | |  0.1
Short Blades   | |  0.1
Long Blades    | |  0.1
Axes           | |  0.1
Maces & Flails | |  0.1
Polearms       | |  0.1
Staves         | |  0.1
Slings         | |  0.1
Bows           | |  0.1
Crossbows      | |  0.1
Throwing       | |  0.1
Armour         | |  0.1
Dodging        | |  0.1
Stealth        | |  0.1
Shields        | |  0.1
Unarmed Combat | |  0.1
Spellcasting   | |  4.9
Conjurations   | |  0.1
Hexes          | |  0.1
Charms         | |  0.1
Summonings     | |  5.3
Necromancy     | |  3.6
Translocations | |  0.1
Transmutations | |  0.1
Fire Magic     | |  0.1
Ice Magic      | |  0.1
Air Magic      | |  0.1
Poison Magic   | |  0.1
Invocations    | |  0.2
Evocations     | |  4.4

Action                   || total
-------------------------++-------
Melee: Dagger            ||    36
       Bite              ||     3
 Stab: Sleeping          ||     1
Armor: Robe              ||    16
Dodge: Dodged            ||    27

Table legend:
 A = Non-vault XP
 B = Vault XP
 C = Vault XP percentage of total XP
 D = Non-vault monster count
 E = Vault monster count
 F = Vault count percentage of total count
                 A         B        C        D         E       F
            +---------+---------+-------+---------+---------+-------
      Total |       8 |       0 |   0.0 |       5 |       0 |   0.0
            +---------+---------+-------+---------+---------+-------
        D:1 |       8 |       0 |   0.0 |       5 |       0 |   0.0
            +---------+---------+-------+---------+---------+-------

Table legend:
 A = Turns spent in this place as a percentage of turns spent in the entire game.
 B = Non-inter-level travel turns spent in this place as a percentage of non-inter-level travel turns spent in the entire game.
 C = Inter-level travel turns spent in this place as a percentage of turns spent in this place.
 D = Turns resting spent in this place as a percentage of non-inter-level travel turns spent in this place.
 E = Turns spent auto-exploring this place as a percentage of non-inter-level travel turns spent in this place.
 F = Non-inter-level travel turns spent in this place divided by the number of levels of this place that you've seen.
                   A       B       C       D       E      F
               +-------+-------+-------+-------+-------+----------------------
         Total | 100.0 | 100.0 |   0.0 |   0.0 |  64.3 | 252.0
       Dungeon | 100.0 | 100.0 |   0.0 |   0.0 |  64.3 | 252.0
               +-------+-------+-------+-------+-------+----------------------

Levels and vault maps discovered:
D:1:      psy_arrival_fountain, layout_basic
